 Dungeon Crawl Stone Soup version 0.21.1-1-g345015f (webtiles) character file.

145 letownia2 the Conjurer (level 5, 0/24 HPs)
             Began as a Vine Stalker Wizard on Feb 24, 2018.
             Slain by an ogre
             ... wielding a +0 giant spiked club
              (20 damage)
             ... on level 4 of the Dungeon.
             The game lasted 00:04:55 (705 turns).

letownia2 the Conjurer (Vine Stalker Wizard)         Turns: 705, Time: 00:04:55

Health: 0/24       AC:  5    Str:  9    XL:     5   Next: 27%
Magic:  0/10       EV: 11    Int: 19    God:
Gold:   52         SH:  0    Dex: 13    Spells: 3/10 levels left

rFire    + . .     SeeInvis .   a - +2 whip (elec)
rCold    . . .     Gourm    .   (no shield)
rNeg     . . .     Faith    .   m - +2 leather armour {rF+}
rPois    .         Spirit   +   b - +0 hat
rElec    .         Reflect  .   (no cloak)
rCorr    .         Harm     .   (no gloves)
MR       .....                  (no boots)
Stlth    ++........             (no amulet)
HPRegen  0.48/turn              q - ring of wizardry
MPRegen  0.12/turn              (no ring)

@: very slightly contaminated
A: fangs 2, regeneration 1, magic shield, antimagic bite, no potion heal 3, rot
immunity
a: no special abilities


You were on level 4 of the Dungeon.
You were not hungry.

You visited 1 branch of the dungeon, and saw 4 of its levels.

You collected 52 gold pieces.

Inventory:

Hand Weapons
 a - a +2 whip of electrocution (weapon)
 c - a +0 blowgun
 e - a +0 dagger
Missiles
 p - 43 bolts
 r - 11 poisoned needles
Armour
 b - a +0 hat (worn)
 f - a +0 robe
 m - a +2 leather armour of fire resistance (worn)
Jewellery
 q - a ring of wizardry (left hand)
Scrolls
 g - 3 scrolls of remove curse {unknown}
 h - a scroll of magic mapping {unknown}
 j - a scroll of immolation {unknown}
 k - a scroll of enchant armour {unknown}
 o - 2 scrolls of identify {unknown}
 t - a scroll of enchant weapon {unknown}
 u - a scroll of noise {unknown}
Potions
 l - a potion of lignification
 s - a potion of brilliance {unknown}
Books
 i - a book of Minor Magic

   Spells                             Type                      Level
   a - Magic Dart                     Conjuration                  1
   b - Blink                          Translocation                2
   c - Call Imp                       Summoning                    2
   d - Slow                           Hexes                        2
   e - Conjure Flame                  Conjuration/Fire             3
   f - Mephitic Cloud                 Conjuration/Poison/Air       3
Comestibles
 d - 3 rations
 n - 2 chunks of flesh


   Skills:
 - Level 1.5 Dodging
 - Level 2.4 Stealth
 - Level 3.2 Spellcasting
 + Level 3.6 Conjurations
   Level 1.0 Summonings
   Level 1.0 Translocations
 - Level 1.5 Fire Magic
 - Level 1.6 Air Magic
 - Level 1.5 Poison Magic


You had 3 spell levels left.
You knew the following spells:

 Your Spells              Type           Power        Failure   Level  Hunger
a - Magic Dart            Conj           ###.         1%          1    None
c - Conjure Flame         Conj/Fire      ##......     9%          3    ###....
e - Mephitic Cloud        Conj/Pois/Air  ##......     10%         3    ###....


Dungeon Overview and Level Annotations

Branches:
Dungeon (4/15)
 Temple: D:4-7

Altars:


Innate Abilities, Weirdness & Mutations

You have extremely sharp teeth.
Your natural rate of healing is unusually fast.
When hurt, damage is shared between your health and your magic reserves.
Your bite disrupts and absorbs the magic of your enemies.
Potions cannot restore your health.
You are immune to rotting.


Message History

The stinking cloud engulfs you!
You are engulfed in noxious fumes.
The ogre is engulfed in noxious fumes.
The ogre appears confused.
The ogre misses you.
Unknown command.
Unknown command.
The ogre is engulfed in noxious fumes.
The ogre appears confused.
The frilled lizard closely misses you.
Unknown command.
You catch the helpless ogre completely off-guard!
You hit the ogre. You bite the ogre. You drain its power.
You feel invigorated.
The ogre is moderately wounded.
The ogre hits you with a giant spiked club!
The frilled lizard barely misses you.
Unknown command.
You hit the ogre. Lightning courses through the ogre!
The ogre is severely wounded.
The frilled lizard closely misses you.
The ogre hits you with a giant spiked club!!
Ouch! That really hurt!
You die...

#.# ..# ..# #.# ... .#
#.#.# .. #l#(####.##
#@#.#.....# #O#.#.....#
#ยง#.#.>...# #.#.#.....# #
## .#.###.#.#####.####.###
..#.......................
..
#.#######.########..##.###
..# ....# #...........##
..# #.#.# #.#######....#


You could see an ogre (confused) and a frilled lizard.

Vanquished Creatures
  A sky beast (D:3)
  2 adders (D:2)
  A worm (D:2)
  A dart slug (D:3)
  A leopard gecko (D:1)
  A giant cockroach (D:4)
  4 goblins
  2 hobgoblins
  3 jackals (D:2)
  3 kobolds
  A quokka (D:2)
  7 bats (D:1)
  2 frilled lizards
  6 rats
35 creatures vanquished.

Notes
Turn   | Place    | Note
-------+----------+-------------------------------------------
     0 | D:1      | letownia2 the Vine Stalker Wizard began the quest for the Orb.
     0 | D:1      | Reached XP level 1. HP: 9/9 MP: 5/5
    70 | D:1      | Reached XP level 2. HP: 13/13 MP: 2/7
   300 | D:2      | Reached XP level 3. HP: 11/16 MP: 1/8
   309 | D:2      | Learned a level 3 spell: Mephitic Cloud
   313 | D:2      | Learned a level 3 spell: Conjure Flame
   607 | D:3      | Noticed a sky beast
   616 | D:3      | Killed a sky beast
   616 | D:3      | Reached skill level 1 in Fire Magic
   616 | D:3      | Reached skill level 1 in Air Magic
   616 | D:3      | Reached skill level 1 in Poison Magic
   616 | D:3      | Gained mutation: Your natural rate of healing is unusually fast. [Vine Stalker growth]
   616 | D:3      | Reached XP level 4. HP: 4/21 MP: 1/9
   616 | D:3      | Reached XP level 5. HP: 5/24 MP: 1/10
   693 | D:4      | Noticed an ogre
   705 | D:4      | Slain by an ogre

Skill      XL: |  1  2  3 |
---------------+----------+-----
Conjurations   | 2 3 |  3.6
Fire Magic     | 1 |  1.5
Air Magic      | 1 |  1.6
Poison Magic   | 1 |  1.5
Dodging        | |  1.5
Stealth        | |  2.4
Spellcasting   | |  3.2
Summonings     | |  1.0
Translocations | |  1.0

Action                   |  1- 3 |  4- 6 || total
-------------------------+-------+-------++-------
Melee: Unarmed           |     7 |       ||     7
       Whip              |    39 |     5 ||    44
       Bite              |     2 |     1 ||     3
 Cast: Magic Dart        |    32 |       ||    32
       Mephitic Cloud    |     3 |     3 ||     6
  Use: Potion            |     2 |       ||     2
 Stab: Confused          |     1 |     1 ||     2
Armor: Robe              |     8 |       ||     8
       Leather armour    |    13 |       ||    13
       Skin              |     4 |     2 ||     6
Dodge: Dodged            |    40 |     4 ||    44
